 Dungeon Crawl Stone Soup version 0.26.1-10-gdfb7c7de75 (webtiles) character file.

Game seed: 828250708968363182

51 Revguard the Firebug (level 3, -2/35 HPs)
             Began as an Ogre Fire Elementalist on Apr 11, 2021.
             Slain by an adder (3 damage)
             ... on level 2 of the Dungeon.
             The game lasted 00:04:03 (1773 turns).

Revguard the Firebug (Ogre Fire Elementalist)       Turns: 1773, Time: 00:04:05

Health: -2/35      AC:  6    Str: 12    XL:     3   Next: 83%
Magic:  1/7        EV: 10    Int: 15    God:
Gold:   51         SH:  0    Dex:  7    Spells: 0/7 levels left

rFire    . . .     SeeInvis .   c - +0 club
rCold    . . .     Faith    .   (no shield)
rNeg     . . .     Spirit   .   a - +1 robe
rPois    .         Reflect  .   (helmet restricted)
rElec    .         Harm     .   (no cloak)
rCorr    .         Rampage  .   (gloves unavailable)
Will     .....     Rnd*Rage +   (boots unavailable)
Stlth    ..........             (no amulet)
HPRegen  0.11/turn              f - ring of attention (curse)
MPRegen  0.10/turn              (no ring)

@: mighty, lethally poisoned (-2 -> -7)
A: large, unfitting armour, iridescent scales 1, berserk 1, clumsy 1, dopey 1,
tough skin 1
a: no special abilities


You were on level 2 of the Dungeon.
You visited 1 branch of the dungeon, and saw 2 of its levels.

You collected 51 gold pieces.

Inventory:

Hand Weapons
 c - a +0 club (weapon)
Armour
 a - a +1 robe (worn)
Jewellery
 f - a cursed ring of attention (left hand)
Scrolls
 b - a scroll of fear


   Skills:
 * Level 2.1 Fighting
 * Level 0.9 Armour
 + Level 1.9 Dodging
 - Level 1.4 Stealth
 + Level 2.7 Spellcasting
 + Level 1.0 Conjurations
 * Level 0.2 Hexes
 + Level 3.2 Fire Magic


You couldn't memorise any spells.
You knew the following spells:

 Your Spells              Type           Power        Failure   Level
a - Foxfire               Conj/Fire      32%          9%          1
b - Inner Flame           Hex/Fire       7%           30%         3
c - Conjure Flame         Conj/Fire      8%           26%         3

Your spell library contained the following spells:

 Spells                   Type           Power        Failure   Level
 Sticky Flame             Conj/Fire      8%           65%         4
 Fireball                 Conj/Fire      4%           94%         5


Dungeon Overview and Level Annotations

Branches:
Dungeon (2/15)

Altars:

Annotations:
D:2 Natasha


Innate Abilities, Weirdness & Mutations

You are too large for most types of armour.
You have tough skin. (AC +1)
You are partially covered in iridescent scales. (AC +2)
You tend to lose your temper in combat.
You are clumsy. (Dex -2)
You are dopey. (Int -2)


Message History

You hit the adder.
The adder is severely wounded.
You feel sick.
The foxfire hits Natasha.
Natasha is severely wounded.
The foxfire hits Natasha.
Natasha is almost dead.
Natasha extends her claws.
Natasha claws you!
* * * LOW HITPOINT WARNING * * *
The adder bites you but does no damage. The adder closely misses you.
Natasha mumbles some strange words.
It was a potion of might.
You feel very mighty all of a sudden. The adder barely misses you.
Natasha claws you but does no damage.
Casting: Foxfire (safe; 9% risk of failure)
Press: ? - help, Q - select action Dir - look around, f - activate You conjure some foxfire!
* * * LOW HITPOINT WARNING * * *
You feel sick. The adder bites you.
You die...

#.##..###.### ..#
#.##......#.. #.#
#.##.######.# #.#
#.##......#.# #.#
#.#....##.#.# ####.#
#.#.##.##.#.# #+#+#....#
#.#.##.##.#.# .......5v#
#.#'##'##.#.#
.......S@####>........#.#
.......hv...'.........#.#
#......##.###.........#.#
####### #.# #....)...##.#
........#†......#
##[.....##.#######
######.#......#..
#.#........# .#.####....


You could see Natasha, an adder and a shadow imp (summoned).

Vanquished Creatures
  A gnoll (D:1)
  3 dart slugs (D:1)
  2 leopard geckos (D:1)
  A giant cockroach (D:1)
  3 hobgoblins
  6 jackals
  4 kobolds
  2 ball pythons (D:1)
  6 bats (D:1)
  2 frilled lizards
  A goblin (D:1)
  3 rats (D:1)
34 creatures vanquished.

Vanquished Creatures (others)
  94 foxfires
94 creatures vanquished.

Grand Total: 128 creatures vanquished

Notes
Turn   | Place    | Note
-------+----------+-------------------------------------------
     0 | D:1      | Revguard the Ogre Fire Elementalist began the quest for the
                  | Orb.
     0 | D:1      | Reached XP level 1. HP: 16/16 MP: 3/3
   215 | D:1      | Reached skill level 1 in Fighting
   215 | D:1      | Reached XP level 2. HP: 27/27 MP: 2/5
   663 | D:1      | Reached skill level 3 in Fire Magic
   774 | D:1      | Gained mutation: You tend to lose your temper in combat.
                  | [potion of mutation]
   774 | D:1      | Gained mutation: You are dopey. (Int -2) [potion of
                  | mutation]
   774 | D:1      | Gained mutation: You are clumsy. (Dex -2) [potion of
                  | mutation]
   774 | D:1      | Gained mutation: You are partially covered in iridescent
                  | scales. (AC +2) [potion of mutation]
   777 | D:1      | Reached XP level 3. HP: 5/35 MP: 1/7
  1180 | D:1      | Learned a level 3 spell: Inner Flame
  1342 | D:1      | Learned a level 3 spell: Conjure Flame
  1458 | D:2      | Reached skill level 1 in Conjurations
  1757 | D:2      | Noticed Natasha
  1773 | D:2      | HP: 1/35 [poisoned by an adder]
  1773 | D:2      | Slain by an adder

Illustrated notes

Levels and vault maps discovered:
D:1:      dpeg_arrival_fog, layout_basic, minmay_tromino_i2
D:2:      layout_basic, grunt_temple_overflow_open, uniq_natasha

Skill      XL: |  1  2  3 |
---------------+----------+-----
Fighting       | 1 2 |  2.1
Fire Magic     | 3 |  3.2
Conjurations   | 1 |  1.0
Armour         | |  0.9
Dodging        | |  1.9
Stealth        | |  1.4
Spellcasting   | |  2.7
Hexes          | |  0.2

Action                   || total
-------------------------++-------
Melee: Club              ||    53
       Unarmed           ||     2
 Cast: Foxfire           ||    58
  Use: Potion            ||     2
       Scroll            ||     2
 Stab: Sleeping          ||     2
Armor: Robe              ||    43
Dodge: Dodged            ||    76
